 Dungeon Crawl Stone Soup version 0.20.1-1-g8b1a95d (webtiles) character file.

75 LadyOphelia the Digger (level 4, 0/24 HPs)
             Began as a Gargoyle Earth Elementalist on Aug 19, 2017.
             Slain by Sigmund
             ... wielding a +0 scythe
              (3 damage)
             ... on level 2 of the Dungeon.
             The game lasted 00:14:18 (2366 turns).

LadyOphelia the Digger (GrEE)                       Turns: 2366, Time: 00:14:18

Health: 0/24       AC:  5    Str: 11    XL:     4   Next: 31%
Magic:  16/16      EV: 12    Int: 17    God:
Gold:   34         SH:  0    Dex: 10    Spells: 6/7 levels left

rFire    . . .     SeeInvis .   g - +0 mace
rCold    . . .     Gourm    .   (no shield)
rNeg     + . .     Faith    .   c - +0 robe
rPois    ∞         Spirit   .   (no helmet)
rElec    +         Reflect  .   (no cloak)
rCorr    .         Harm     .   (no gloves)
MR       .....                  (no boots)
Stlth    ++........             (no amulet)
Regen    0.1/turn               l - ring of magical power
MPRegen  0.2/turn               (no ring)

@: no status effects
A: negative energy resistance 1, electricity resistance, unbreathing,
petrification resistance, rot immunity, AC +3
a: no special abilities


You were on level 2 of the Dungeon.
You were hungry.

You visited 1 branch of the dungeon, and saw 2 of its levels.

You collected 34 gold pieces.

Inventory:

Hand Weapons
 g - a +0 mace (weapon)
Missiles
 b - 27 stones (quivered)
 d - 27 arrows
 i - 23 bolts
Armour
 c - a +0 robe (worn)
 j - a +0 robe
Jewellery
 l - a ring of magical power (left hand)
Scrolls
 a - a scroll of immolation {unknown}
 f - a scroll of enchant weapon {unknown}
 h - a scroll of identify {unknown}
Potions
 k - a potion of lignification {unknown}
Books
 e - a book of Geomancy

   Spells                             Type                      Level
   a - Sandblast                      Earth                        1
   b - Passwall                       Transmutation/Earth          2
   c - Stone Arrow                    Conjuration/Earth            3
   d - Petrify                        Transmutation/Earth          4
   e - Lee's Rapid Deconstruction     Earth                        5


   Skills:
 + Level 0.4 Fighting
 + Level 1.1 Maces & Flails
 + Level 0.3 Throwing
 + Level 1.9 Dodging
 + Level 2.7 Stealth
 + Level 0.8 Unarmed Combat
 + Level 2.4 Spellcasting
   Level 0.7 Transmutations
 + Level 4.3 Earth Magic


You had 6 spell levels left.
You knew the following spells:

 Your Spells              Type           Power        Failure   Level  Hunger
a - Sandblast             Erth           ###...       3%          1    #......


Dungeon Overview and Level Annotations

Branches:
Dungeon (2/15)

Altars:

Annotations:
D:2 Sigmund


Innate Abilities, Weirdness & Mutations

You are resistant to torment.
Your stone body is resilient. (AC +3)
You are immune to poison.
You resist negative energy. (rN+)
You are resistant to electric shocks. (rElec)
You can survive without breathing.
You are immune to petrification.
You are immune to rotting.


Message History

Sigmund flickers and vanishes!
Deactivating autopickup; reactivate with Ctrl-A.
Something tries to affect you, but you resist.
You feel less confused.
Casting: Sandblast
Confirm with . or Enter, or press ? or * to list all spells.
You can't see any susceptible monsters within range! (Use Z to cast anyway.) Throwing (i - inventory):
b - 27 stones (quivered)
Press: ? - help, Shift-Dir - straight line, f - you
Okay, then.
Casting: Sandblast
Confirm with . or Enter, or press ? or * to list all spells.
You can't see any susceptible monsters within range! (Use Z to cast anyway.) Unknown command.
Something hits you!
* * * LOW HITPOINT WARNING * * *
You hear some strange, mumbled words.
Something tries to affect you, but you resist.
Something hits you.
You die...

#≈≈).≈≈##........#
#...
#≈#..#≈##.....##.#
#)..
#≈.##.≈##....<##.#
#...
#≈.##.≈##.....##.#
#...
#≈#..#≈##.....##.#
#...
#≈≈..≈≈#########.#
##.. ###''####
#.#####. #..##.#
#....... #...@.#
#######. #####.#
## #.# #.# #.# #.#
#.# #.# #.#
#..$......


There were no monsters in sight!

Vanquished Creatures
  Jessica (D:1)
  An adder (D:2)
  An ooze (D:1)
  A worm (D:2)
  A leopard gecko (D:1)
  4 bats (D:1)
  5 goblins
  4 hobgoblins
  3 jackals (D:1)
  2 kobolds (D:1)
  3 frilled lizards
  8 rats
34 creatures vanquished.

Notes
Turn   | Place    | Note
-------+----------+-------------------------------------------
     0 | D:1      | LadyOphelia the Gargoyle Earth Elementalist began the quest for the Orb.
     0 | D:1      | Reached XP level 1. HP: 10/10 MP: 3/3
   339 | D:1      | Reached XP level 2. HP: 6/15 MP: 5/5
   538 | D:1      | Reached skill level 4 in Earth Magic
   991 | D:1      | Reached XP level 3. HP: 18/19 MP: 6/6
  1852 | D:2      | Noticed Jessica
  1883 | D:1      | Killed Jessica
  1883 | D:1      | Reached skill level 1 in Maces & Flails
  1883 | D:1      | Reached XP level 4. HP: 15/24 MP: 4/7
  2326 | D:2      | Noticed Sigmund
  2366 | D:2      | Slain by Sigmund

Skill      XL: |  1  2  3 |
---------------+----------+-----
Earth Magic    | 4 |  4.3
Maces & Flails | 1 |  1.1
Fighting       | |  0.4
Throwing       | |  0.3
Dodging        | |  1.9
Stealth        | |  2.7
Unarmed Combat | |  0.8
Spellcasting   | |  2.4
Transmutations | |  0.7

Action                   |  1- 3 |  4- 6 || total
-------------------------+-------+-------++-------
Melee: Unarmed           |    54 |       ||    54
       Mace              |    48 |    21 ||    69
Throw: Stone             |    24 |       ||    24
 Cast: Sandblast         |    18 |     4 ||    22
  Eat: Bread ration      |     1 |       ||     1
Armor: Robe              |    48 |     7 ||    55
Dodge: Dodged            |    96 |    16 ||   112
